AoeStats
← RogueAura950405

Arena

506158386Analyzed
4v4 RM · 19d ago on Sep 12, 2026· 49m 19s· 8 players
Game mode
Random Map
Map size
Large (8 player)
Population
200
Speed
Normal
Resources
Standard
Victory
Conquest
Starting age
Dark Age
Ending age
Imperial Age
RankedLock teamsTeams togetherTeam positionsShared explorationLock speedFull tech treeHidden civsTurbo modeCheats
Victory
Defeat
🇪🇸 Japanese · Spain
986
+15
🇨🇳 Bohemians · China
985
+15
🇺🇸 Hindustanis · United States
937
+17
🇬🇧 Persians · United Kingdom
933
+17
🇹🇼 Cumans · Taiwan
982
-16
🇨🇳 Lithuanians · China
966
-16
🇦🇷 Britons · Argentina
960
-16
🇹🇼 Khmer · Taiwan
958
-16
shutianchen
10:38 Feudal Age
15:11 Castle Age
13:27 Double-Bit Axe
14:55 Horse Collar
15:42 Stone Mining
15:43 Gold Mining
17:47 Bow Saw
17:38 Heavy Plow
20:06 Stone Shaft Mining
20:45 Wheelbarrow
23:06 Hand Cart
28:47 Imperial Age
27:56 Gold Shaft Mining
29:00 Husbandry
29:10 Bloodlines
29:09 Elite Ballista Elephant
30:00 Scale Barding Armor
33:43 Chemistry
33:04 Ballistics
32:50 Siege Engineers
33:46 Light Cavalry
35:04 Hussar
36:13 Forging
36:28 Chain Barding Armor
39:56 Double Crossbow
40:17 Conscription
40:37 Plate Barding Armor
40:37 Iron Casting
45:26 Blast Furnace
GL.Herq
12:09 Feudal Age
17:00 Castle Age
18:46 Double-Bit Axe
19:37 Bow Saw
21:52 Fletching
26:49 Gold Mining
32:53 Imperial Age
31:14 Wheelbarrow
30:29 Loom
35:45 Pikeman
36:26 Squires
36:11 Arson
36:33 Scale Mail Armor
36:43 Forging
36:28 Halberdier
43:41 Stone Mining
44:26 Gold Shaft Mining
45:20 Elite Longbowman
46:23 Conscription
GL.DuaT
12:15 Feudal Age
14:30 Double-Bit Axe
15:12 Forging
14:36 Man-at-Arms
15:12 Horse Collar
23:47 Wheelbarrow
27:17 Castle Age
36:57 Heavy Plow
39:48 Hand Cart
41:39 Bow Saw
41:19 Pikeman
42:00 Squires
45:02 Imperial Age
44:08 Forging
43:59 Scale Mail Armor
45:28 Iron Casting
46:47 Chain Mail Armor
351690155
10:51 Feudal Age
12:20 Double-Bit Axe
14:10 Wheelbarrow
15:07 Horse Collar
16:23 Loom
22:34 Castle Age
23:26 Heavy Plow
23:39 Bow Saw
26:12 Hand Cart
36:49 Imperial Age
34:31 Scale Barding Armor
34:37 Forging
35:49 Chain Barding Armor
37:12 Iron Casting
36:43 Town Watch
39:15 Plate Barding Armor
38:16 Elite Leitis
40:43 Husbandry
40:53 Bloodlines
lx T DUB xl
3:56 Loom
10:42 Feudal Age
12:15 Double-Bit Axe
12:46 Horse Collar
14:10 Wheelbarrow
15:07 Gold Mining
20:01 Castle Age
18:06 Stone Mining
18:37 Scale Barding Armor
18:44 Forging
20:38 Bloodlines
21:23 Bow Saw
21:17 Heavy Plow
22:17 Stone Shaft Mining
24:16 Gold Shaft Mining
26:35 Scale Mail Armor
27:12 Iron Casting
26:26 Arson
29:08 Chain Mail Armor
32:32 Imperial Age
31:35 Squires
31:28 Fletching
32:28 Hand Cart
34:33 Blast Furnace
33:30 Bodkin Arrow
33:03 Elite Ghulam
35:04 Chemistry
35:15 Conscription
36:04 Siege Engineers
36:15 Bracer
39:12 Siege Elephant
40:02 Husbandry
46:02 Ballistics
45:53 Masonry
RogueAura950405
9:44 Feudal Age
11:08 Horse Collar
15:34 Castle Age
14:01 Double-Bit Axe
18:06 Loom
23:06 Wheelbarrow
22:17 Town Watch
24:36 Hand Cart
25:30 Heavy Plow
25:50 Bow Saw
31:37 Gold Mining
31:37 Stone Mining
34:18 Imperial Age
31:52 Town Patrol
33:29 Stone Shaft Mining
33:30 Gold Shaft Mining
33:41 Fletching
34:02 Forging
33:57 Scale Barding Armor
34:19 Kamandaran
34:30 Bodkin Arrow
34:38 Padded Archer Armor
34:39 Scale Mail Armor
34:07 Cavalier
34:48 Husbandry
34:58 Bloodlines
36:20 Crop Rotation
36:51 Two-Man Saw
36:53 Iron Casting
36:34 Leather Archer Armor
36:40 Chain Barding Armor
36:02 Savar
38:08 Ring Archer Armor
37:54 Chain Mail Armor
38:11 Ballistics
37:47 Murder Holes
38:54 Chemistry
40:05 Plate Barding Armor
40:31 Blast Furnace
40:02 Plate Mail Armor
39:12 Capped Ram
44:50 Citadels
Rey_Pablium
12:09 Feudal Age
11:28 Loom
11:33 Loom
16:16 Castle Age
15:10 Double-Bit Axe
15:41 Horse Collar
21:46 Gold Mining
25:00 Forging
30:45 Scale Mail Armor
33:37 Heavy Plow
36:06 Iron Casting
35:47 Chain Mail Armor
38:27 Wheelbarrow
43:31 Imperial Age
42:53 Hand Cart
44:43 Conscription
43:54 Capped Ram
45:51 Plate Mail Armor
46:23 Blast Furnace
46:02 Hoardings
46:00 Fletching
47:29 Bow Saw
49:03 Gambesons
49:19 Squires
OayiZ
0:31 Loom
10:10 Feudal Age
10:37 Double-Bit Axe
10:36 Horse Collar
17:19 Castle Age
19:48 Fervor
20:00 Sanctity
20:38 Bow Saw
28:51 Imperial Age
29:39 Chemistry
28:33 Fletching
29:26 Bodkin Arrow
30:17 Ballistics
30:24 Ballistics
30:42 Bracer
32:20 Wheelbarrow
34:14 Hand Cart
35:51 Two-Man Saw
39:32 Squires
40:32 Murder Holes
40:43 Siege Engineers
40:18 Pikeman
41:19 Forging
41:10 Scale Mail Armor
41:56 Conscription
41:22 Halberdier
43:07 Wagenburg Tactics
43:45 Iron Casting
44:08 Chain Mail Armor
46:16 Blast Furnace
46:36 Plate Mail Armor
Connection lost

Rejoining the realm…

Still unreachable

The connection could not be restored.

Session expired

The server has moved on; the page needs a fresh start.